 Dungeon Crawl Stone Soup version 0.23-a0-489-g205b0b6 (webtiles) character file.

48 theanonym the Cudgeler (level 3, -1/28 HPs)
             Began as a Mummy Warper on Dec 3, 2018.
             Slain by a jackal (2 damage)
             ... on level 2 of the Dungeon.
             The game lasted 00:01:40 (1495 turns).

theanonym the Cudgeler (Mummy Warper)               Turns: 1495, Time: 00:01:42

Health: -1/28      AC:  3    Str: 15    XL:     3   Next: 50%
Magic:  7/7        EV: 11    Int: 12    God:
Gold:   74         SH:  0    Dex: 11    Spells: 7/7 levels left

rFire    x . .     SeeInvis .   a - +0 mace
rCold    + . .     Gourm    .   (no shield)
rNeg     + + +     Faith    .   b - +0 leather armour
rPois    ∞         Spirit   .   (no helmet)
rElec    .         Reflect  .   (no cloak)
rCorr    .         Harm     .   (no gloves)
MR       .....                  (no boots)
Stlth    +.........             (no amulet)
HPRegen  0.09/turn              (no ring)
MPRegen  0.10/turn              (no ring)

@: very slightly contaminated
A: no food or potions, fire vulnerability, cold resistance 1, negative energy
resistance 3, torment resistance, unbreathing
a: no special abilities


Innate Abilities, Weirdness & Mutations

You do not eat or drink.
Your flesh is vulnerable to fire.
You are immune to poison.
Your flesh is cold resistant. (rC+)
You are immune to negative energy. (rN+++)
You are immune to unholy pain and torment.
You can survive without breathing.


   Skills:
 + Level 2.7 Fighting
 * Level 2.8 Maces & Flails
 - Level 0.7 Throwing
 - Level 0.7 Armour
 - Level 1.5 Dodging
 - Level 2.6 Spellcasting
   Level 2.4 Translocations


You had 7 spell levels left.
You didn't know any spells.
Your spell library contained the following spells:

 Spells                   Type           Power        Failure   Level  Hunger
 Blink                    Tloc           N/A          17%         2    N/A
 Shroud of Golubria       Chrm/Tloc      #.........   28%         2    N/A
 Gell's Gravitas          Tloc           #.........   34%         3    N/A
 Lesser Beckoning         Tloc           #.........   34%         3    N/A
 Teleport Other           Tloc           #.......     34%         3    N/A
 Passage of Golubria      Tloc           N/A          75%         4    N/A

Skill      XL: |  1 |
---------------+----+-----
Maces & Flails | 2 |  2.8
Fighting       | |  2.7
Throwing       | |  0.7
Armour         | |  0.7
Dodging        | |  1.5
Spellcasting   | |  2.6
Translocations | |  2.4

Action                   || total
-------------------------++-------
Melee: Mace              ||   129
Throw: Tomahawk          ||     4
  Use: Scroll            ||     1
Armor: Leather armour    ||    71
Dodge: Dodged            ||   131

Inventory:

Hand Weapons
 a - a +0 mace (weapon)
Missiles
 e - a tomahawk of dispersal (quivered)
Armour
 b - a +0 leather armour (worn)
Scrolls
 c - 2 scrolls of identify {unknown}
 d - a scroll of teleportation {unknown}
 f - a scroll of noise {unknown}
 g - a scroll of fear {unknown}


You were on level 2 of the Dungeon.
You were not hungry.

You visited 1 branch of the dungeon, and saw 2 of its levels.

You collected 74 gold pieces.

Dungeon Overview and Level Annotations

Branches:
Dungeon (2/15)

Altars:

Annotations:
D:2 Jessica

#. #. .# #. ..
##.# @# ##...## .#
##.....## .#
##.......# .# #
.......@h##.##...#
##.....hh@.......#
##..$..###.##...#
#.......#.# #
#.#.....#.#
#.#.$......#
#.###.....### .#
#...... #....##.


You could see Jessica and 3 jackals.

Notes
Turn   | Place    | Note
-------+----------+-------------------------------------------
     0 | D:1      | theanonym the Mummy Warper began the quest for the Orb.
     0 | D:1      | Reached XP level 1. HP: 16/16 MP: 4/4
    52 | D:1      | HP: 7/16 [dart slug (3)]
   248 | D:1      | Reached skill level 2 in Maces & Flails
   255 | D:1      | HP: 4/16 [hobgoblin/cursed +0 club (6)]
   256 | D:1      | Reached XP level 2. HP: 5/22 MP: 5/5
   752 | D:1      | HP: 9/23 [hobgoblin/+0 club (4)]
   757 | D:1      | Reached XP level 3. HP: 9/28 MP: 7/7
   760 | D:1      | HP: 7/28 [goblin/+0 club (2)]
   766 | D:1      | HP: 5/28 [hobgoblin (2)]
   772 | D:1      | HP: 4/28 [bat (1)]
   789 | D:2      | HP: 3/28 [bat (1)]
   792 | D:2      | HP: 1/28 [bat (1)]
   880 | D:1      | HP: 7/28 [hobgoblin (2)]
  1483 | D:2      | HP: 14/28 [jackal (2)]
  1486 | D:2      | Noticed Jessica
  1488 | D:2      | HP: 11/28 [jackal (1)]
  1492 | D:2      | HP: 4/28 [jackal (3)]
  1493 | D:2      | HP: 1/28 [Jessica (3)]
  1495 | D:2      | Slain by a jackal

Vanquished Creatures
  2 dart slugs (D:1)
  7 bats
  4 goblins (D:1)
  10 hobgoblins (D:1)
  5 jackals
  3 kobolds (D:1)
  3 frilled lizards
  3 rats (D:1)
37 creatures vanquished.

Table legend:
 A = Turns spent in this place as a percentage of turns spent in the entire game.
 B = Non-inter-level travel turns spent in this place as a percentage of non-inter-level travel turns spent in the entire game.
 C = Inter-level travel turns spent in this place as a percentage of turns spent in this place.
 D = Turns resting spent in this place as a percentage of non-inter-level travel turns spent in this place.
 E = Turns spent auto-exploring this place as a percentage of non-inter-level travel turns spent in this place.
 F = Non-inter-level travel turns spent in this place divided by the number of levels of this place that you've seen.
                   A       B       C       D       E      F
               +-------+-------+-------+-------+-------+----------------------
         Total | 100.0 | 100.0 |   0.7 |  53.1 |  30.3 | 742.5
       Dungeon | 100.0 | 100.0 |   0.7 |  53.1 |  30.3 | 742.5
               +-------+-------+-------+-------+-------+----------------------
